Map: Scythe of Amon

Players

zpr

  • Race: Terran Terran
  • Spawn Location: 5:00

ZPR

  • Race: Zerg Zerg
  • League: Master
  • Spawn Location: 5:00

VOD

Have the link to the VOD?

Description

Time

  • Played on: Feb. 8, 2018, 7:05 a.m.
  • Length: 14:18
Show
View Real Time Build Order
Export as new Build Order

zpr Terran 

Build Orders:  

Get SALT Encoding   

Show
View Real Time Build Order
Export as new Build Order

ZPR Zerg 

Build Orders:  

Get SALT Encoding   

  6  0:10  Drone x2  
  6  0:18  Drone x2  
  8  0:27  Drone x2  
  9  0:36  Extractor  
  9  0:39  Drone x2  
  9  0:54  Drone x2  
  10  1:12  Spawning Pool  
  10  1:17  Extractor  
  10  1:19  Drone x2  
  10  1:30  Overlord  
  10  1:43  Baneling Nest  
  10  1:51  Drone x2  
  10  1:56  Drone x2  
  13  2:13  Lair  
  12  2:21  Drone x2  
  12  2:28  Drone x2  
  14  2:37  Overlord  
  16  3:13  Scourge Nest  
  16  3:14  Hive  
  17  3:33  Hatchery  
  19  3:57  Hatchery  
  18  4:15  Simplified Genome  
  20  4:28  Drone x2  
  20  4:29  Drone x2  
  24  4:57  Hatchery  
  24  4:58  Extractor  
  23  5:03  Extractor  
  23  5:17  Zerg Flyer Weapons Level 1  
  25  5:29  Drone x4  
  27  5:31  Drone x2  
  27  5:39  Drone x2  
  29  5:49  Drone x2  
  32  6:08  Corrosive Acid  
  34  6:43  Hatchery  
  35  7:03  Hatchery  
  35  7:19  Scourge x2  
  38  7:22  Overlord x2  
  38  7:27  Scourge x8  
  38  7:28  Scourge x8  
  46  7:32  Centrifical Hooks  
  46  7:35  Scourge x4  
  48  7:40  Overlord  
  48  7:46  Scourge x6  
  48  7:47  Scourge x4  
  55  7:53  Scourge x6  
  55  7:54  Scourge x4  
  55  7:57  Scourge x4  
  62  8:02  Scourge x2  
  62  8:03  Scourge x6  
  62  8:06  Scourge x4  
  67  8:12  Scourge x8  
  67  8:18  Scourge x4  
  73  8:29  Overlord  
  73  8:35  Scourge x6  
  76  8:46  Scourge x4  
  76  8:49  Overlord  
  78  9:03  Scourge x4  
  80  9:54  Scourge x2  
  80  9:55  Scourge x30  
  80  9:56  Scourge x8  
  100  10:02  Scourge x2  
  100  10:03  Scourge x4  
  61  10:12  Scourge x2  
  61  10:13  Scourge x34  
  61  10:14  Scourge x2  
  61  10:16  Scourge x4  
  61  10:17  Scourge x8  
  86  10:32  Scourge x4  
  86  10:34  Scourge x2  
  86  10:37  Scourge x6  
  86  10:38  Scourge x8  
  96  10:40  Scourge x4  
  96  10:47  Scourge x2  
  99  11:03  Scourge x2  
  99  11:20  Scourge x2  
  99  11:28  Scourge x2  
  99  11:29  Scourge x32  
  70  11:30  Scourge x8  
  68  11:34  Scourge x8  
  68  11:35  Scourge x4  
  68  11:39  Scourge x2  
  79  11:44  Scourge x4  
  79  11:45  Scourge x6  
  84  11:50  Scourge x2  
  84  11:59  Scourge x10  
  90  12:01  Scourge x4  
  90  12:02  Scourge x8  
  96  12:11  Roach x12, Scourge x2  
  96  12:12  Roach x8, Scourge x4  
  96  12:13  Scourge x2  
  69  12:53  Scourge x2  
  69  12:54  Scourge x34  
  69  12:55  Scourge x6  
  69  12:58  Scourge x10  
  68  13:03  Scourge x2  
  68  13:05  Scourge x8  
  68  13:06  Scourge x2  
  74  13:15  Scourge x12  
  80  13:25  Scourge x2  
  80  13:26  Scourge x6  
  80  13:27  Scourge x4  
  86  13:35  Scourge x2  
  86  13:37  Scourge x6  
  86  13:38  Scourge x4  
Tags
 
Commander
RaynorZagara
League
Master
Matchup
Co-op
Replay Pack
Co-op Speedrun
Add a new tag
Caveats
  • Supply blocks, unpowered buildings, or Contaminate may cause inaccurate times.
  • Supply counts are checked every 10 seconds.